Little Stars vs Devils
Created - May 22, 2022 at 06:57
Goals
|
| Little Stars |
1 |
3 |
2 |
6 |
| Devils |
1 |
0 |
1 |
2 |
|
Shots
|
| Little Stars |
13 |
13 |
9 |
35 |
| Devils |
10 |
13 |
4 |
27 |
|
1st period
1. Little Stars , Adam Tambellini 31 (Sebastian Wannstrom 28, Michael Mersch 12) at 5:47
2. Devils , Jonny Brodzinski 12 (Darren Dietz 20, Juuse Saros) at 15:08
Penalties :
Alan Quine (Bin) for Diving (Minor) at 0:44, Joonas Donskoi (Bin) for Charging (Minor) at 12:33
2nd period
3. Little Stars , Ilya Mikheyev 40 (Daniel O'regan 68) at 1:49 (PP)
4. Little Stars , Daniel O'regan 29 (Sebastian Wannstrom 29, Ilya Mikheyev 43) at 10:28 (PP)
5. Little Stars , Jason Dickinson 14 (Joakim Nygard 17) at 17:04 (SH)
Penalties :
Alan Quine (Bin) for High sticking (Double Minor) at 1:47, Logan Shaw (Bin) for Slashing (Double Minor) at 8:49, Reece Willcox (Tex) for Tripping (Minor) at 16:12, Tucker Poolman (Tex) for Holding Stick (Minor) at 19:09
3rd period
6. Little Stars , Sebastian Wannstrom 26 (Henrik Borgstrom 32, Zach Budish 15) at 5:41
7. Devils , Conor Garland 7 (Brett Seney 25, Robbie Russo 10) at 9:28
8. Little Stars , Daniel O'regan 30 (Ilya Mikheyev 44) at 14:43
Penalties :
Ilya Mikheyev (Tex) for Cross-checking (Minor) at 3:26, Logan Shaw (Bin) for High sticking (Minor) at 6:04, Henrik Borgstrom (Tex) for Hooking (Minor) at 16:57, Reid Boucher (Bin) for Hooking (Minor) at 19:31
Goalie Stats
Dustin Tokarski (Tex), 25 saves from 27 shots - (0.926), W, 12-13-2, 60:00 minutes
Juuse Saros (Bin), 29 saves from 35 shots - (0.829), L, 5-10-2, 60:00 minutes
Players Stats for Little Stars
Player Name G A P +/- PIM S H SB GA TA FO MP PP MP PK MP
------------------------------------------------------------------------------------
Adam Tambellini 1 0 1 2 0 2 1 0 1 0 0/0 20:25 5:03 5:24
Anton Cederholm 0 0 0 1 0 2 2 1 2 0 0/0 29:52 7:48 5:16
Daniel O'regan 2 1 3 1 0 5 1 0 2 0 31/46 25:34 6:58 5:17
Daniil Tarasov 0 0 0 0 0 1 2 0 0 2 0/0 11:58 2:11 0:00
Eric Knodel 0 0 0 1 0 4 2 2 1 0 0/0 29:52 7:48 5:16
Frederic Allard 0 0 0 0 0 2 0 0 0 0 0/0 10:53 0:00 0:00
Henrik Borgstrom 0 1 1 2 2 1 3 0 0 0 3/7 12:26 3:23 0:00
Ilya Mikheyev 1 2 3 1 2 5 0 1 1 0 0/1 19:50 6:48 0:00
Jason Dickinson 1 0 1 -1 0 2 0 0 0 0 4/6 11:45 1:43 2:09
Joakim Nygard 0 1 1 -1 0 2 0 1 1 0 0/0 12:43 2:22 2:03
Jordan LaVallee 0 0 0 0 0 0 1 0 0 0 1/2 2:57 1:04 0:00
Michael Mersch 0 1 1 0 0 3 4 0 0 0 0/0 10:18 0:01 0:29
Reece Willcox 0 0 0 0 2 0 1 0 1 0 0/0 19:03 4:16 2:15
Roman Horak 0 0 0 0 0 0 2 0 0 0 2/5 10:15 0:00 0:30
Sebastian Wannstrom 1 2 3 2 0 2 2 1 0 0 4/5 21:14 6:27 0:00
Tucker Poolman 0 0 0 1 2 1 4 0 0 0 0/0 18:47 4:16 1:51
Ville Pokka 0 0 0 1 0 1 0 1 0 2 0/0 12:08 0:00 1:14
Zach Budish 0 1 1 -1 0 2 0 1 0 0 0/0 12:00 0:12 0:00
Players Stats for Devils
Player Name G A P +/- PIM S H SB GA TA FO MP PP MP PK MP
------------------------------------------------------------------------------------
Alan Quine 0 0 0 -1 6 0 0 0 1 0 2/4 17:49 3:16 2:29
Ben Hutton 0 0 0 0 0 4 0 0 0 2 0/0 27:59 5:15 7:01
Brandon Carlo 0 0 0 -1 0 2 1 1 0 2 0/0 30:13 5:15 7:01
Brett Howden 0 0 0 0 0 0 0 1 0 0 1/4 6:38 0:00 0:18
Brett Seney 0 1 1 0 0 2 0 0 0 0 0/0 10:42 0:00 1:34
Christian Wolanin 0 0 0 -1 0 0 0 1 0 1 0/0 14:05 2:41 0:00
Conor Garland 1 0 1 0 0 2 2 0 0 0 0/0 8:49 0:00 0:00
Darren Dietz 0 1 1 -2 0 3 0 4 0 0 0/0 19:36 2:41 5:03
Jake Bean 0 0 0 0 0 0 0 1 0 0 0/0 10:10 0:00 0:00
Jonny Brodzinski 1 0 1 0 0 2 0 0 0 0 0/0 6:01 0:00 0:00
Joonas Donskoi 0 0 0 -1 2 1 1 0 0 0 1/1 14:14 3:16 0:00
Logan Shaw 0 0 0 -1 6 3 0 1 2 0 1/1 18:30 4:40 0:00
Mason Marchment 0 0 0 0 0 0 1 1 0 1 0/0 6:01 0:00 0:00
Reid Boucher 0 0 0 0 2 1 0 1 0 0 1/2 10:33 0:00 1:45
Robbie Russo 0 1 1 0 0 0 1 1 1 0 0/0 15:42 0:00 5:03
Sam Bennett 0 0 0 -1 0 3 3 1 0 1 20/54 24:40 4:40 6:56
Sven Baertschi 0 0 0 -1 0 2 4 1 0 2 1/4 24:48 4:40 7:04
Valeri Nichushkin 0 0 0 -1 0 2 0 1 0 0 0/2 19:05 3:16 4:02
Vincent Desharnais 0 0 0 0 0 0 0 0 0 0 0/0 2:15 0:00 0:00
3 Stars
1 - Daniel O'regan (Tex)
2 - Sebastian Wannstrom (Tex)
3 - Ilya Mikheyev (Tex)
Power Play
Little Stars - 2 on 8 Attempt(s) - 25.00%
Devils - 0 on 4 Attempt(s) - 0.00%
Penalty Kill
Little Stars - 4 on 4 Attempt(s) - 100.00%
- Score 1 goal in Penalty Kill
Devils - 6 on 8 Attempt(s) - 75.00%
- Score 0 goal in Penalty Kill
Team Stat
Little Stars - Hits : 25 - Faceoff Wins : 45 - Blocked Shots : 8 - Penalty Minutes : 8
Devils - Hits : 13 - Faceoff Wins : 27 - Blocked Shots : 15 - Penalty Minutes : 16
Official
Referees : Beaudry Halkidis and Mitch Dunning
Linesman : James Tobias and Bevan Mills
Game Notes
Jordan LaVallee is injured at 7:10 of 1st period (Bruised Left Arm)
Finance
Level 1 -- Attendance: 1742 (87.10%) -- Ticket Income $60,970
Level 2 -- Attendance: 983 (98.30%) -- Ticket Income $14,745
Total Attendance: 2725 (90.83%)
Total Ticket Income: $75,715
Other Income: $3,786
Total Income: $79,501
Little Stars
5 vs 5 Forward
Center Left Wing Right Wing Time % Phy DF OF
1 Daniel O'regan Jordan LaVallee Ilya Mikheyev 40 1 2 2
2 Henrik Borgstrom Adam Tambellini Sebastian Wannstrom 30 1 2 2
3 Jason Dickinson Joakim Nygard Zach Budish 20 1 2 2
4 Roman Horak Michael Mersch Daniil Tarasov 10 1 2 2
5 vs 5 Defense
Defense Defense Time % Phy DF OF
1 Anton Cederholm Eric Knodel 40 1 2 2
2 Reece Willcox Tucker Poolman 30 1 2 2
3 Ville Pokka Frederic Allard 20 1 2 2
4 Anton Cederholm Eric Knodel 10 1 2 2
PowerPlay Forward
Center Left Wing Right Wing Time % Phy DF OF
1 Daniel O'regan Jordan LaVallee Ilya Mikheyev 60 0 2 3
2 Henrik Borgstrom Adam Tambellini Sebastian Wannstrom 40 0 2 3
PowerPlay Defense
Defense Defense Time % Phy DF OF
1 Anton Cederholm Eric Knodel 60 0 2 3
2 Reece Willcox Tucker Poolman 40 0 2 3
Penalty Kill 4 Players Forward
Center Wing Time % Phy DF OF
1 Daniel O'regan Jordan LaVallee 60 0 3 2
2 Henrik Borgstrom Adam Tambellini 40 0 3 2
Penalty Kill 4 Players Defense
Defense Defense Time % Phy DF OF
1 Anton Cederholm Eric Knodel 60 0 3 2
2 Reece Willcox Tucker Poolman 40 0 3 2
Penalty Kill - 3 Players Forward
Forward Time % Phy DF OF
1 Daniel O'regan 60 0 3 2
2 Henrik Borgstrom 40 0 3 2
Penalty Kill - 3 Players Defense
Defense Defense Time % Phy DF OF
1 Anton Cederholm Eric Knodel 60 0 3 2
2 Reece Willcox Tucker Poolman 40 0 3 2
4 vs 4 Forward
Center Wing Time % Phy DF OF
1 Daniel O'regan Jordan LaVallee 60 0 2 3
2 Henrik Borgstrom Adam Tambellini 40 0 2 3
4 vs 4 Defense
Defense Defense Time % Phy DF OF
1 Anton Cederholm Eric Knodel 60 1 2 2
2 Reece Willcox Tucker Poolman 40 1 2 2
Last Minutes Offensive
Center Left Wing Right Wing Defense Defense
Daniel O'regan Jordan LaVallee Ilya Mikheyev Anton Cederholm Eric Knodel
Last Minutes Defensive
Center Left Wing Right Wing Defense Defense
Daniel O'regan Jordan LaVallee Ilya Mikheyev Anton Cederholm Eric Knodel
Goaltenders
Starting : Dustin Tokarski
Backup : Connor Knapp
Extra Forwards
Normal : Daniel O'regan, Sebastian Wannstrom, Zach Budish - PP : Daniel O'regan, Sebastian Wannstrom - PK : Daniel O'regan
Extra Defensemen
Normal : Tucker Poolman, Ville Pokka, Frederic Allard - PP : Tucker Poolman - PK : Tucker Poolman, Ville Pokka
Penalty Shots
Jordan LaVallee, Ilya Mikheyev, Adam Tambellini, Joakim Nygard, Daniel O'regan
Scratches
Emile Poirier (Healthy), Jean-Christophe Beaudin (Healthy), Justin Auger (Healthy), Lawrence Pilut (Healthy), Radel Fazleev (Healthy)
Rudolfs Balcers (Healthy), Shane Gersich (Healthy), Yakov Trenin (Healthy), Matt Luff (Healthy), Joey Anderson (Healthy)
Jonathan Dahlen (Healthy), Givani Smith (Healthy)
Devils
5 vs 5 Forward
Center Left Wing Right Wing Time % Phy DF OF
1 Sam Bennett Sven Baertschi Logan Shaw 40 0 2 3
2 Alan Quine Valeri Nichushkin Joonas Donskoi 30 0 2 3
3 Reid Boucher Brett Seney Conor Garland 20 0 2 3
4 Brett Howden Mason Marchment Jonny Brodzinski 10 0 2 3
5 vs 5 Defense
Defense Defense Time % Phy DF OF
1 Brandon Carlo Ben Hutton 40 1 3 1
2 Christian Wolanin Darren Dietz 30 1 3 1
3 Robbie Russo Jake Bean 20 1 3 1
4 Brandon Carlo Vincent Desharnais 10 1 3 1
PowerPlay Forward
Center Left Wing Right Wing Time % Phy DF OF
1 Sam Bennett Sven Baertschi Logan Shaw 60 0 1 4
2 Alan Quine Valeri Nichushkin Joonas Donskoi 40 0 1 4
PowerPlay Defense
Defense Defense Time % Phy DF OF
1 Brandon Carlo Ben Hutton 60 0 2 3
2 Christian Wolanin Darren Dietz 40 0 2 3
Penalty Kill 4 Players Forward
Center Wing Time % Phy DF OF
1 Sam Bennett Sven Baertschi 60 1 3 1
2 Alan Quine Valeri Nichushkin 40 1 3 1
Penalty Kill 4 Players Defense
Defense Defense Time % Phy DF OF
1 Brandon Carlo Ben Hutton 60 1 4 0
2 Robbie Russo Darren Dietz 40 1 4 0
Penalty Kill - 3 Players Forward
Forward Time % Phy DF OF
1 Sam Bennett 60 1 2 2
2 Alan Quine 40 1 2 2
Penalty Kill - 3 Players Defense
Defense Defense Time % Phy DF OF
1 Brandon Carlo Ben Hutton 60 1 4 0
2 Robbie Russo Darren Dietz 40 1 4 0
4 vs 4 Forward
Center Wing Time % Phy DF OF
1 Sam Bennett Sven Baertschi 60 1 2 2
2 Alan Quine Valeri Nichushkin 40 1 2 2
4 vs 4 Defense
Defense Defense Time % Phy DF OF
1 Brandon Carlo Ben Hutton 60 1 2 2
2 Christian Wolanin Darren Dietz 40 1 2 2
Last Minutes Offensive
Center Left Wing Right Wing Defense Defense
Sam Bennett Sven Baertschi Logan Shaw Brandon Carlo Ben Hutton
Last Minutes Defensive
Center Left Wing Right Wing Defense Defense
Sam Bennett Sven Baertschi Logan Shaw Brandon Carlo Ben Hutton
Goaltenders
Starting : Juuse Saros
Backup : Calvin Pickard
Extra Forwards
Normal : Valeri Nichushkin, Alan Quine, Reid Boucher - PP : Valeri Nichushkin, Alan Quine - PK : Valeri Nichushkin
Extra Defensemen
Normal : Christian Wolanin, Jake Bean, Vincent Desharnais - PP : Jake Bean - PK : Robbie Russo, Vincent Desharnais
Penalty Shots
Logan Shaw, Sven Baertschi, Sam Bennett, Joonas Donskoi, Valeri Nichushkin
Scratches
Cristiano Digiacinto (Healthy), Dalton Thrower (Left Hip Injury), Ilya Lyubushkin (Severed Right Wrist Tendon Injury)
% Time on Ice - Little Stars
Lines # - Real PCT - Wanted PCT - Time Play
Normal Forward
1 - 34% - 40% - 13:43
2 - 23% - 30% - 9:03
3 - 19% - 20% - 7:29
4 - 24% - 10% - 9:45
Normal Defense
1 - 40% - 40% - 16:04
2 - 33% - 30% - 13:00
3 - 26% - 20% - 10:12
4 - 2% - 10% - 0:44
PP Forward
1 - 72% - 60% - 8:41
2 - 28% - 40% - 3:23
PP Defense
1 - 65% - 60% - 7:48
2 - 35% - 40% - 4:16
PK Forward
1 - 100% - 60% - 7:56
2 - 0% - 40% - 0:00
PK Defense
1 - 66% - 60% - 5:16
2 - 34% - 40% - 2:40
PK3 Forward
1 - 0% - 60%
2 - 0% - 40%
PK3 Defense
1 - 0% - 60%
2 - 0% - 40%
44 Forward
1 - 0% - 60%
2 - 0% - 40%
44 Defense
1 - 0% - 60%
2 - 0% - 40%
Last Minute Offensive - 0:00
Last Minute Defensive - 0:00
Total
Forward - 60:00
Defense - 60:00
|
% Time on Ice - Devils
Lines # - Real PCT - Wanted PCT - Time Play
Normal Forward
1 - 33% - 40% - 13:23
2 - 29% - 30% - 11:47
3 - 22% - 20% - 8:49
4 - 15% - 10% - 6:01
Normal Defense
1 - 39% - 40% - 15:43
2 - 31% - 30% - 12:13
3 - 25% - 20% - 9:49
4 - 6% - 10% - 2:15
PP Forward
1 - 59% - 60% - 4:40
2 - 41% - 40% - 3:16
PP Defense
1 - 66% - 60% - 5:15
2 - 34% - 40% - 2:41
PK Forward
1 - 72% - 60% - 8:41
2 - 28% - 40% - 3:23
PK Defense
1 - 58% - 60% - 7:01
2 - 42% - 40% - 5:03
PK3 Forward
1 - 0% - 60%
2 - 0% - 40%
PK3 Defense
1 - 0% - 60%
2 - 0% - 40%
44 Forward
1 - 0% - 60%
2 - 0% - 40%
44 Defense
1 - 0% - 60%
2 - 0% - 40%
Last Minute Offensive - 0:00
Last Minute Defensive - 0:00
Total
Forward - 60:00
Defense - 60:00
|
Play-by-Play
1st period
0:01 of 1st period - Sam Bennett wins face-off versus Jordan LaVallee in neutral zone.
0:38 of 1st period - Backhand shot by Sebastian Wannstrom.
0:38 of 1st period - Shot Blocked by Valeri Nichushkin.
0:44 of 1st period - Minor Penalty to Alan Quine for Diving.
0:45 of 1st period - Daniel O'regan wins face-off versus Sam Bennett in Devils zone.
0:46 of 1st period - Wrist shot by Jordan LaVallee.
0:46 of 1st period - Shot Blocked by Darren Dietz.
0:48 of 1st period - Slapshot by Eric Knodel.
0:48 of 1st period - Deflect By Jordan LaVallee.
0:48 of 1st period - Shot Misses the Net.
0:48 of 1st period - Puck is out of play.
0:49 of 1st period - Jordan LaVallee wins face-off versus Sam Bennett in Devils zone.
1:02 of 1st period - Backhand shot by Daniel O'regan.
1:02 of 1st period - Shot Misses the Net.
1:04 of 1st period - Slapshot by Eric Knodel.
1:04 of 1st period - Shot Misses the Net.
2:44 of 1st period - Penalty to Alan Quine is over, Alan Quine is back on ice.
3:20 of 1st period - Conor Garland is hit by Michael Mersch and loses puck.
4:17 of 1st period - Snap shot by Brett Seney.
4:17 of 1st period - Stopped by Dustin Tokarski with a rebound.
4:44 of 1st period - Off-side.
4:45 of 1st period - Sebastian Wannstrom wins face-off versus Brett Howden in neutral zone.
5:47 of 1st period - Wrist shot by Adam Tambellini.
5:47 of 1st period - Goal by Adam Tambellini - Little Stars : 1 - Devils : 0.
5:48 of 1st period - Sam Bennett wins face-off versus Daniel O'regan in neutral zone.
5:57 of 1st period - Snap shot by Logan Shaw.
5:57 of 1st period - Stopped by Dustin Tokarski with a rebound.
5:59 of 1st period - Slapshot by Ben Hutton.
5:59 of 1st period - Stopped by Dustin Tokarski without a rebound.
6:00 of 1st period - Daniel O'regan wins face-off versus Sam Bennett in Little Stars zone.
6:07 of 1st period - Slapshot by Daniel O'regan.
6:07 of 1st period - Shot Misses the Net.
6:09 of 1st period - Slapshot by Jordan LaVallee.
6:09 of 1st period - Shot Misses the Net.
6:11 of 1st period - Snap shot by Ilya Mikheyev.
6:11 of 1st period - Shot Blocked by Sam Bennett.
6:13 of 1st period - Wrist shot by Daniel O'regan.
6:13 of 1st period - Stopped by Juuse Saros without a rebound.
6:14 of 1st period - Alan Quine wins face-off versus Daniel O'regan in Devils zone.
6:25 of 1st period - Vincent Desharnais is hit by Jordan LaVallee and loses puck.
6:40 of 1st period - Wrist shot by Henrik Borgstrom.
6:40 of 1st period - Stopped by Juuse Saros without a rebound.
6:41 of 1st period - Sam Bennett wins face-off versus Henrik Borgstrom in Devils zone.
6:41 of 1st period - Sam Bennett is hit by Henrik Borgstrom.
7:09 of 1st period - Jordan LaVallee is hit by Robbie Russo.
7:10 of 1st period - Jordan LaVallee from Little Stars is injured at 7:10 of 1st period (Bruised Left Arm).
7:11 of 1st period - Daniel O'regan wins face-off versus Sam Bennett in Little Stars zone.
7:20 of 1st period - Wrist shot by Sam Bennett.
7:20 of 1st period - Shot Misses the Net.
7:36 of 1st period - Conor Garland is hit by Roman Horak and loses puck.
7:47 of 1st period - Brandon Carlo is hit by Daniil Tarasov.
8:09 of 1st period - Snap shot by Joakim Nygard.
8:09 of 1st period - Stopped by Juuse Saros with a rebound.
8:11 of 1st period - Slapshot by Zach Budish.
8:11 of 1st period - Stopped by Juuse Saros with a rebound.
8:21 of 1st period - Brandon Carlo is hit by Tucker Poolman and loses puck.
8:30 of 1st period - Snap shot by Daniel O'regan.
8:30 of 1st period - Shot Misses the Net.
8:52 of 1st period - Slapshot by Sven Baertschi.
8:52 of 1st period - Stopped by Dustin Tokarski with a rebound.
9:08 of 1st period - Snap shot by Michael Mersch.
9:08 of 1st period - Stopped by Juuse Saros with a rebound.
9:10 of 1st period - Snap shot by Ville Pokka.
9:10 of 1st period - Shot Misses the Net.
9:12 of 1st period - Slapshot by Frederic Allard.
9:12 of 1st period - Stopped by Juuse Saros with a rebound.
10:09 of 1st period - Wrist shot by Michael Mersch.
10:09 of 1st period - Stopped by Juuse Saros with a rebound.
10:21 of 1st period - Logan Shaw is hit by Adam Tambellini and loses puck.
10:38 of 1st period - Slapshot by Jonny Brodzinski.
10:38 of 1st period - Shot Blocked by Zach Budish.
10:47 of 1st period - Icing by Zach Budish.
10:48 of 1st period - Jason Dickinson wins face-off versus Sam Bennett in Little Stars zone.
11:03 of 1st period - Snap shot by Joonas Donskoi.
11:03 of 1st period - Shot Misses the Net.
11:08 of 1st period - Off-side.
11:09 of 1st period - Sebastian Wannstrom wins face-off versus Sam Bennett in neutral zone.
11:18 of 1st period - Brandon Carlo is hit by Henrik Borgstrom and loses puck.
11:31 of 1st period - Henrik Borgstrom is hit by Sven Baertschi and loses puck.
12:08 of 1st period - Wrist shot by Joonas Donskoi.
12:08 of 1st period - Stopped by Dustin Tokarski without a rebound.
12:09 of 1st period - Sam Bennett wins face-off versus Daniel O'regan in Little Stars zone.
12:16 of 1st period - Wrist shot by Sven Baertschi.
12:16 of 1st period - Shot Misses the Net.
12:18 of 1st period - Slapshot by Sven Baertschi.
12:18 of 1st period - Shot Misses the Net.
12:20 of 1st period - Snap shot by Sven Baertschi.
12:20 of 1st period - Deflect By Sam Bennett.
12:20 of 1st period - Stopped by Dustin Tokarski with a rebound.
12:22 of 1st period - Snap shot by Sam Bennett.
12:22 of 1st period - Shot Blocked by Ilya Mikheyev.
12:24 of 1st period - Slapshot by Darren Dietz.
12:24 of 1st period - Stopped by Dustin Tokarski without a rebound.
12:25 of 1st period - Daniel O'regan wins face-off versus Valeri Nichushkin in Little Stars zone.
12:33 of 1st period - Minor Penalty to Joonas Donskoi for Charging.
12:34 of 1st period - Sam Bennett wins face-off versus Daniel O'regan in Devils zone.
13:58 of 1st period - Snap shot by Jason Dickinson.
13:58 of 1st period - Deflect By Darren Dietz.
13:58 of 1st period - Shot Misses the Net.
13:58 of 1st period - Puck is out of play.
13:59 of 1st period - Jason Dickinson wins face-off versus Sam Bennett in Devils zone.
14:33 of 1st period - Penalty to Joonas Donskoi is over, Joonas Donskoi is back on ice.
14:52 of 1st period - Wrist shot by Daniil Tarasov.
14:52 of 1st period - Stopped by Juuse Saros with a rebound.
14:54 of 1st period - Slapshot by Frederic Allard.
14:54 of 1st period - Stopped by Juuse Saros with a rebound.
14:56 of 1st period - Slapshot by Daniil Tarasov.
14:56 of 1st period - Shot Blocked by Mason Marchment.
15:08 of 1st period - Wrist shot by Jonny Brodzinski.
15:08 of 1st period - Goal by Jonny Brodzinski - Little Stars : 1 - Devils : 1.
15:09 of 1st period - Daniel O'regan wins face-off versus Sam Bennett in neutral zone.
15:22 of 1st period - Snap shot by Logan Shaw.
15:22 of 1st period - Shot Blocked by Sebastian Wannstrom.
15:36 of 1st period - Joonas Donskoi is hit by Anton Cederholm and loses puck.
15:43 of 1st period - Backhand shot by Zach Budish.
15:43 of 1st period - Shot Misses the Net.
15:57 of 1st period - Slapshot by Brett Seney.
15:57 of 1st period - Stopped by Dustin Tokarski with a rebound.
16:37 of 1st period - Snap shot by Daniel O'regan.
16:37 of 1st period - Stopped by Juuse Saros without a rebound.
16:38 of 1st period - Sven Baertschi wins face-off versus Daniel O'regan in Devils zone.
17:25 of 1st period - Wrist shot by Daniil Tarasov.
17:25 of 1st period - Shot Blocked by Reid Boucher.
17:27 of 1st period - Slapshot by Anton Cederholm.
17:27 of 1st period - Stopped by Juuse Saros with a rebound.
17:29 of 1st period - Slapshot by Eric Knodel.
17:29 of 1st period - Stopped by Juuse Saros with a rebound.
17:33 of 1st period - Snap shot by Michael Mersch.
17:33 of 1st period - Deflect By Daniil Tarasov.
17:33 of 1st period - Shot Misses the Net.
17:33 of 1st period - Puck is out of play.
17:34 of 1st period - Daniel O'regan wins face-off versus Sam Bennett in Devils zone.
17:43 of 1st period - Snap shot by Logan Shaw.
17:43 of 1st period - Shot Misses the Net.
18:12 of 1st period - Alan Quine is hit by Reece Willcox and loses puck.
18:23 of 1st period - Reece Willcox is hit by Brandon Carlo and loses puck.
18:56 of 1st period - Ben Hutton is hit by Sebastian Wannstrom and loses puck.
19:24 of 1st period - Slapshot by Ben Hutton.
19:24 of 1st period - Stopped by Dustin Tokarski without a rebound.
19:25 of 1st period - Roman Horak wins face-off versus Sam Bennett in Little Stars zone.
Goals for this period are 1 for Little Stars vs 1 for Devils.
Shots for this period are 13 for Little Stars vs 10 for Devils.
2nd period
0:01 of 2nd period - Daniel O'regan wins face-off versus Sam Bennett in neutral zone.
0:08 of 2nd period - Wrist shot by Ilya Mikheyev.
0:08 of 2nd period - Shot Blocked by Darren Dietz.
0:10 of 2nd period - Slapshot by Eric Knodel.
0:10 of 2nd period - Deflect By Ilya Mikheyev.
0:10 of 2nd period - Stopped by Juuse Saros with a rebound.
0:26 of 2nd period - Zach Budish is hit by Conor Garland and loses puck.
0:33 of 2nd period - Darren Dietz is hit by Tucker Poolman and loses puck.
0:38 of 2nd period - Snap shot by Jason Dickinson.
0:38 of 2nd period - Shot Misses the Net.
0:50 of 2nd period - Wrist shot by Henrik Borgstrom.
0:50 of 2nd period - Shot Blocked by Darren Dietz.
1:02 of 2nd period - Wrist shot by Brett Seney.
1:02 of 2nd period - Deflect By Conor Garland.
1:02 of 2nd period - Stopped by Dustin Tokarski without a rebound.
1:03 of 2nd period - Sam Bennett wins face-off versus Daniel O'regan in Little Stars zone.
1:08 of 2nd period - Snap shot by Sam Bennett.
1:08 of 2nd period - Stopped by Dustin Tokarski without a rebound.
1:09 of 2nd period - Daniel O'regan wins face-off versus Sam Bennett in Little Stars zone.
1:22 of 2nd period - Wrist shot by Logan Shaw.
1:22 of 2nd period - Shot Blocked by Anton Cederholm.
1:24 of 2nd period - Snap shot by Ben Hutton.
1:24 of 2nd period - Stopped by Dustin Tokarski without a rebound.
1:25 of 2nd period - Henrik Borgstrom wins face-off versus Valeri Nichushkin in Little Stars zone.
1:47 of 2nd period - Double Minor Penalty to Alan Quine for High sticking.
1:48 of 2nd period - Daniel O'regan wins face-off versus Sam Bennett in Devils zone.
1:49 of 2nd period - Snap shot by Ilya Mikheyev.
1:49 of 2nd period - Goal by Ilya Mikheyev - Little Stars : 2 - Devils : 1.
1:50 of 2nd period - Daniel O'regan wins face-off versus Sam Bennett in neutral zone.
2:05 of 2nd period - Slapshot by Daniel O'regan.
2:05 of 2nd period - Shot Misses the Net.
3:49 of 2nd period - Penalty to Alan Quine is over, Alan Quine is back on ice.
3:59 of 2nd period - Alan Quine is hit by Eric Knodel and loses puck.
4:07 of 2nd period - Icing by Brandon Carlo.
4:08 of 2nd period - Brett Howden wins face-off versus Jason Dickinson in Devils zone.
4:42 of 2nd period - Icing by Adam Tambellini.
4:43 of 2nd period - Daniel O'regan wins face-off versus Brett Howden in Little Stars zone.
4:48 of 2nd period - Snap shot by Ilya Mikheyev.
4:48 of 2nd period - Shot Misses the Net.
4:50 of 2nd period - Snap shot by Frederic Allard.
4:50 of 2nd period - Shot Misses the Net.
4:52 of 2nd period - Slapshot by Ville Pokka.
4:52 of 2nd period - Stopped by Juuse Saros without a rebound.
4:53 of 2nd period - Sam Bennett wins face-off versus Daniel O'regan in Devils zone.
5:41 of 2nd period - Wrist shot by Eric Knodel.
5:41 of 2nd period - Stopped by Juuse Saros without a rebound.
5:42 of 2nd period - Reid Boucher wins face-off versus Roman Horak in Devils zone.
5:42 of 2nd period - Reid Boucher is hit by Michael Mersch.
5:59 of 2nd period - Icing by Tucker Poolman.
6:00 of 2nd period - Logan Shaw wins face-off versus Roman Horak in Little Stars zone.
6:03 of 2nd period - Wrist shot by Logan Shaw.
6:03 of 2nd period - Stopped by Dustin Tokarski without a rebound.
6:04 of 2nd period - Daniel O'regan wins face-off versus Sam Bennett in Little Stars zone.
6:33 of 2nd period - Snap shot by Joakim Nygard.
6:33 of 2nd period - Stopped by Juuse Saros with a rebound.
7:46 of 2nd period - Snap shot by Valeri Nichushkin.
7:46 of 2nd period - Stopped by Dustin Tokarski with a rebound.
8:02 of 2nd period - Brandon Carlo is hit by Michael Mersch and loses puck.
8:10 of 2nd period - Off-side.
8:11 of 2nd period - Sebastian Wannstrom wins face-off versus Sam Bennett in neutral zone.
8:18 of 2nd period - Slapshot by Daniel O'regan.
8:18 of 2nd period - Shot Misses the Net.
8:24 of 2nd period - Slapshot by Ilya Mikheyev.
8:24 of 2nd period - Shot Blocked by Logan Shaw.
8:38 of 2nd period - Snap shot by Joakim Nygard.
8:38 of 2nd period - Shot Misses the Net.
8:42 of 2nd period - Slapshot by Zach Budish.
8:42 of 2nd period - Stopped by Juuse Saros without a rebound.
8:43 of 2nd period - Daniel O'regan wins face-off versus Sam Bennett in Devils zone.
8:49 of 2nd period - Double Minor Penalty to Logan Shaw for Slashing.
8:50 of 2nd period - Daniel O'regan wins face-off versus Sam Bennett in Devils zone.
8:56 of 2nd period - Slapshot by Daniel O'regan.
8:56 of 2nd period - Deflect By Ilya Mikheyev.
8:56 of 2nd period - Stopped by Juuse Saros with a rebound.
8:58 of 2nd period - Slapshot by Anton Cederholm.
8:58 of 2nd period - Stopped by Juuse Saros without a rebound.
8:59 of 2nd period - Daniel O'regan wins face-off versus Sam Bennett in Devils zone.
10:14 of 2nd period - Brett Seney is hit by Daniel O'regan.
10:28 of 2nd period - Wrist shot by Daniel O'regan.
10:28 of 2nd period - Goal by Daniel O'regan - Little Stars : 3 - Devils : 1.
10:29 of 2nd period - Henrik Borgstrom wins face-off versus Sam Bennett in neutral zone.
11:11 of 2nd period - Slapshot by Tucker Poolman.
11:11 of 2nd period - Shot Misses the Net.
11:13 of 2nd period - Wrist shot by Joakim Nygard.
11:13 of 2nd period - Deflect By Jason Dickinson.
11:13 of 2nd period - Stopped by Juuse Saros without a rebound.
11:14 of 2nd period - Jason Dickinson wins face-off versus Sam Bennett in Devils zone.
11:17 of 2nd period - Slapshot by Joakim Nygard.
11:17 of 2nd period - Deflect By Jason Dickinson.
11:17 of 2nd period - Shot Blocked by Sven Baertschi.
11:17 of 2nd period - Puck is out of play.
11:18 of 2nd period - Daniel O'regan wins face-off versus Sam Bennett in Devils zone.
12:15 of 2nd period - Ilya Mikheyev is hit by Sven Baertschi and loses puck.
12:28 of 2nd period - Penalty to Logan Shaw is over, Logan Shaw is back on ice.
12:52 of 2nd period - Logan Shaw is hit by Michael Mersch and loses puck.
13:09 of 2nd period - Slapshot by Darren Dietz.
13:09 of 2nd period - Stopped by Dustin Tokarski with a rebound.
13:24 of 2nd period - Snap shot by Conor Garland.
13:24 of 2nd period - Shot Blocked by Joakim Nygard.
13:26 of 2nd period - Slapshot by Brandon Carlo.
13:26 of 2nd period - Shot Blocked by Eric Knodel.
13:28 of 2nd period - Snap shot by Reid Boucher.
13:28 of 2nd period - Stopped by Dustin Tokarski with a rebound.
13:50 of 2nd period - Henrik Borgstrom is hit by Mason Marchment and loses puck.
14:12 of 2nd period - Off-side.
14:13 of 2nd period - Daniel O'regan wins face-off versus Brett Howden in neutral zone.
14:20 of 2nd period - Snap shot by Ilya Mikheyev.
14:20 of 2nd period - Shot Blocked by Darren Dietz.
14:22 of 2nd period - Wrist shot by Daniel O'regan.
14:22 of 2nd period - Shot Misses the Net.
14:24 of 2nd period - Snap shot by Zach Budish.
14:24 of 2nd period - Shot Misses the Net.
14:26 of 2nd period - Snap shot by Daniel O'regan.
14:26 of 2nd period - Stopped by Juuse Saros without a rebound.
14:27 of 2nd period - Sam Bennett wins face-off versus Sebastian Wannstrom in Devils zone.
14:42 of 2nd period - Ilya Mikheyev is hit by Sam Bennett and loses puck.
15:02 of 2nd period - Slapshot by Jason Dickinson.
15:02 of 2nd period - Shot Blocked by Brandon Carlo.
15:04 of 2nd period - Snap shot by Zach Budish.
15:04 of 2nd period - Shot Misses the Net.
15:23 of 2nd period - Icing by Tucker Poolman.
15:24 of 2nd period - Sam Bennett wins face-off versus Roman Horak in Little Stars zone.
16:12 of 2nd period - Minor Penalty to Reece Willcox for Tripping.
16:13 of 2nd period - Daniel O'regan wins face-off versus Sam Bennett in Little Stars zone.
16:13 of 2nd period - Daniel O'regan is hit by Sven Baertschi.
16:24 of 2nd period - Snap shot by Logan Shaw.
16:24 of 2nd period - Shot Misses the Net.
17:04 of 2nd period - Wrist shot by Jason Dickinson.
17:04 of 2nd period - Goal by Jason Dickinson - Little Stars : 4 - Devils : 1.
17:05 of 2nd period - Sam Bennett wins face-off versus Daniel O'regan in neutral zone.
17:07 of 2nd period - Off-side.
17:08 of 2nd period - Sam Bennett wins face-off versus Daniel O'regan in neutral zone.
17:13 of 2nd period - Slapshot by Brandon Carlo.
17:13 of 2nd period - Stopped by Dustin Tokarski without a rebound.
17:14 of 2nd period - Daniel O'regan wins face-off versus Sam Bennett in Little Stars zone.
17:22 of 2nd period - Off-side.
17:23 of 2nd period - Daniel O'regan wins face-off versus Sam Bennett in neutral zone.
17:26 of 2nd period - Slapshot by Eric Knodel.
17:26 of 2nd period - Stopped by Juuse Saros with a rebound.
17:34 of 2nd period - Eric Knodel is hit by Sam Bennett and loses puck.
18:03 of 2nd period - Slapshot by Ben Hutton.
18:03 of 2nd period - Shot Blocked by Ville Pokka.
18:05 of 2nd period - Slapshot by Ben Hutton.
18:05 of 2nd period - Stopped by Dustin Tokarski without a rebound.
18:06 of 2nd period - Joonas Donskoi wins face-off versus Jason Dickinson in Little Stars zone.
18:09 of 2nd period - Wrist shot by Valeri Nichushkin.
18:09 of 2nd period - Stopped by Dustin Tokarski without a rebound.
18:10 of 2nd period - Sam Bennett wins face-off versus Daniel O'regan in Little Stars zone.
18:12 of 2nd period - Penalty to Reece Willcox is over, Reece Willcox is back on ice.
18:25 of 2nd period - Slapshot by Darren Dietz.
18:25 of 2nd period - Stopped by Dustin Tokarski without a rebound.
18:26 of 2nd period - Daniel O'regan wins face-off versus Alan Quine in Little Stars zone.
18:26 of 2nd period - Daniel O'regan is hit by Joonas Donskoi.
19:09 of 2nd period - Minor Penalty to Tucker Poolman for Holding Stick.
19:10 of 2nd period - Sam Bennett wins face-off versus Daniel O'regan in Little Stars zone.
19:15 of 2nd period - Wrist shot by Logan Shaw.
19:15 of 2nd period - Shot Blocked by Eric Knodel.
19:17 of 2nd period - Slapshot by Sven Baertschi.
19:17 of 2nd period - Shot Hit the Post.
19:19 of 2nd period - Backhand shot by Brandon Carlo.
19:19 of 2nd period - Stopped by Dustin Tokarski with a rebound.
19:21 of 2nd period - Snap shot by Brandon Carlo.
19:21 of 2nd period - Shot Misses the Net.
19:23 of 2nd period - Slapshot by Ben Hutton.
19:23 of 2nd period - Deflect By Sam Bennett.
19:23 of 2nd period - Shot Misses the Net.
19:23 of 2nd period - Puck is out of play.
19:24 of 2nd period - Sam Bennett wins face-off versus Daniel O'regan in Little Stars zone.
19:27 of 2nd period - Snap shot by Logan Shaw.
19:27 of 2nd period - Stopped by Dustin Tokarski with a rebound.
Goals for this period are 3 for Little Stars vs 0 for Devils.
Shots for this period are 13 for Little Stars vs 13 for Devils.
3rd period
0:01 of 3rd period - Daniel O'regan wins face-off versus Sam Bennett in neutral zone.
0:04 of 3rd period - Slapshot by Eric Knodel.
0:04 of 3rd period - Stopped by Juuse Saros without a rebound.
0:05 of 3rd period - Daniel O'regan wins face-off versus Sam Bennett in Devils zone.
1:09 of 3rd period - Penalty to Tucker Poolman is over, Tucker Poolman is back on ice.
1:15 of 3rd period - Wrist shot by Tucker Poolman.
1:15 of 3rd period - Shot Misses the Net.
1:37 of 3rd period - Snap shot by Reece Willcox.
1:37 of 3rd period - Shot Blocked by Jake Bean.
1:39 of 3rd period - Wrist shot by Roman Horak.
1:39 of 3rd period - Shot Blocked by Brett Howden.
2:31 of 3rd period - Sven Baertschi is hit by Daniil Tarasov and loses puck.
2:39 of 3rd period - Icing by Jake Bean.
2:40 of 3rd period - Jason Dickinson wins face-off versus Sam Bennett in Devils zone.
3:13 of 3rd period - Wrist shot by Michael Mersch.
3:13 of 3rd period - Deflect By Alan Quine.
3:13 of 3rd period - Shot Blocked by Robbie Russo.
3:13 of 3rd period - Puck is out of play.
3:14 of 3rd period - Daniel O'regan wins face-off versus Sam Bennett in Devils zone.
3:21 of 3rd period - Snap shot by Sven Baertschi.
3:21 of 3rd period - Shot Misses the Net.
3:23 of 3rd period - Wrist shot by Sam Bennett.
3:23 of 3rd period - Stopped by Dustin Tokarski without a rebound.
3:24 of 3rd period - Daniel O'regan wins face-off versus Sven Baertschi in Little Stars zone.
3:26 of 3rd period - Minor Penalty to Ilya Mikheyev for Cross-checking.
3:27 of 3rd period - Daniel O'regan wins face-off versus Sam Bennett in Little Stars zone.
3:27 of 3rd period - Daniel O'regan is hit by Sven Baertschi.
5:04 of 3rd period - Logan Shaw is hit by Roman Horak and loses puck.
5:11 of 3rd period - Roman Horak is hit by Sam Bennett and loses puck.
5:26 of 3rd period - Penalty to Ilya Mikheyev is over, Ilya Mikheyev is back on ice.
5:41 of 3rd period - Snap shot by Sebastian Wannstrom.
5:41 of 3rd period - Goal by Sebastian Wannstrom - Little Stars : 5 - Devils : 1.
5:42 of 3rd period - Daniel O'regan wins face-off versus Alan Quine in neutral zone.
5:53 of 3rd period - Wrist shot by Daniel O'regan.
5:53 of 3rd period - Shot Misses the Net.
5:55 of 3rd period - Snap shot by Sebastian Wannstrom.
5:55 of 3rd period - Stopped by Juuse Saros with a rebound.
5:57 of 3rd period - Slapshot by Tucker Poolman.
5:57 of 3rd period - Stopped by Juuse Saros without a rebound.
5:58 of 3rd period - Henrik Borgstrom wins face-off versus Sam Bennett in Devils zone.
6:01 of 3rd period - Snap shot by Adam Tambellini.
6:01 of 3rd period - Stopped by Juuse Saros without a rebound.
6:02 of 3rd period - Sam Bennett wins face-off versus Henrik Borgstrom in Devils zone.
6:04 of 3rd period - Minor Penalty to Logan Shaw for High sticking.
6:05 of 3rd period - Sam Bennett wins face-off versus Daniel O'regan in Devils zone.
6:15 of 3rd period - Sam Bennett is hit by Eric Knodel and loses puck.
6:41 of 3rd period - Valeri Nichushkin is hit by Henrik Borgstrom and loses puck.
8:04 of 3rd period - Penalty to Logan Shaw is over, Logan Shaw is back on ice.
8:32 of 3rd period - Adam Tambellini is hit by Conor Garland and loses puck.
9:28 of 3rd period - Slapshot by Conor Garland.
9:28 of 3rd period - Goal by Conor Garland - Little Stars : 5 - Devils : 2.
9:29 of 3rd period - Sam Bennett wins face-off versus Daniel O'regan in neutral zone.
9:33 of 3rd period - Icing by Eric Knodel.
9:34 of 3rd period - Sebastian Wannstrom wins face-off versus Sam Bennett in Little Stars zone.
9:50 of 3rd period - Off-side.
9:51 of 3rd period - Alan Quine wins face-off versus Henrik Borgstrom in neutral zone.
9:53 of 3rd period - Brandon Carlo is hit by Anton Cederholm and loses puck.
10:18 of 3rd period - Off-side.
10:19 of 3rd period - Daniel O'regan wins face-off versus Sam Bennett in neutral zone.
10:28 of 3rd period - Sven Baertschi is hit by Tucker Poolman.
10:55 of 3rd period - Wrist shot by Brett Seney.
10:55 of 3rd period - Shot Misses the Net.
11:23 of 3rd period - Wrist shot by Sebastian Wannstrom.
11:23 of 3rd period - Shot Blocked by Christian Wolanin.
13:02 of 3rd period - Snap shot by Jonny Brodzinski.
13:02 of 3rd period - Stopped by Dustin Tokarski with a rebound.
14:27 of 3rd period - Slapshot by Ben Hutton.
14:27 of 3rd period - Deflect By Sam Bennett.
14:27 of 3rd period - Shot Misses the Net.
14:27 of 3rd period - Puck is out of play.
14:28 of 3rd period - Sam Bennett wins face-off versus Ilya Mikheyev in Little Stars zone.
14:31 of 3rd period - Snap shot by Sven Baertschi.
14:31 of 3rd period - Stopped by Dustin Tokarski without a rebound.
14:32 of 3rd period - Daniel O'regan wins face-off versus Sam Bennett in Little Stars zone.
14:43 of 3rd period - Wrist shot by Daniel O'regan.
14:43 of 3rd period - Goal by Daniel O'regan - Little Stars : 6 - Devils : 2.
14:44 of 3rd period - Daniel O'regan wins face-off versus Sven Baertschi in neutral zone.
14:47 of 3rd period - Snap shot by Sebastian Wannstrom.
14:47 of 3rd period - Shot Misses the Net.
14:49 of 3rd period - Snap shot by Ilya Mikheyev.
14:49 of 3rd period - Stopped by Juuse Saros with a rebound.
14:51 of 3rd period - Snap shot by Ilya Mikheyev.
14:51 of 3rd period - Stopped by Juuse Saros with a rebound.
15:34 of 3rd period - Reid Boucher is hit by Tucker Poolman and loses puck.
15:55 of 3rd period - Wrist shot by Adam Tambellini.
15:55 of 3rd period - Shot Misses the Net.
16:15 of 3rd period - Wrist shot by Logan Shaw.
16:15 of 3rd period - Shot Misses the Net.
16:34 of 3rd period - Off-side.
16:35 of 3rd period - Sam Bennett wins face-off versus Henrik Borgstrom in neutral zone.
16:35 of 3rd period - Sam Bennett is hit by Sebastian Wannstrom.
16:57 of 3rd period - Minor Penalty to Henrik Borgstrom for Hooking.
16:58 of 3rd period - Sam Bennett wins face-off versus Daniel O'regan in Little Stars zone.
18:57 of 3rd period - Penalty to Henrik Borgstrom is over, Henrik Borgstrom is back on ice.
19:05 of 3rd period - Snap shot by Roman Horak.
19:05 of 3rd period - Shot Misses the Net.
19:07 of 3rd period - Snap shot by Michael Mersch.
19:07 of 3rd period - Shot Misses the Net.
19:09 of 3rd period - Wrist shot by Michael Mersch.
19:09 of 3rd period - Stopped by Juuse Saros without a rebound.
19:10 of 3rd period - Roman Horak wins face-off versus Reid Boucher in Devils zone.
19:31 of 3rd period - Minor Penalty to Reid Boucher for Hooking.
19:32 of 3rd period - Daniel O'regan wins face-off versus Sven Baertschi in Devils zone.
19:59 of 3rd period - Snap shot by Sebastian Wannstrom.
19:59 of 3rd period - Shot Misses the Net.
Goals for this period are 2 for Little Stars vs 1 for Devils.
Shots for this period are 9 for Little Stars vs 4 for Devils.